 Dungeon Crawl Stone Soup version 0.31-a0-1338-gb567cfdca4 (webtiles) character file.

Game seed: 6000405159056154394

172 croobank the Ruffian (level 5, -1/41 HPs)
             Began as a Demigod Shapeshifter on Dec 21, 2023.
             Slain by a black bear (2 damage)
             ... on level 4 of the Dungeon.
             The game lasted 00:15:07 (3543 turns).

croobank the Ruffian (Demigod Shapeshifter)         Turns: 3543, Time: 00:15:08

Health: -1/41      AC:  5    Str: 19 (21) XL:     5   Next: 6%
Magic:  7/7        EV: 11    Int: 15 (16) God:
Gold:   104        SH:  0    Dex: 11 (13) Spells: 1/4 levels left

rFire   . . .        q - +4 dagger (venom)
rCold   . . .        (no shield)
rNeg    . . .        l - +0 ring mail
rPois   .            (helmet currently unavailable)
rElec   .            (cloak currently unavailable)
rCorr   .            (gloves currently unavailable)
SInv    .            (boots currently unavailable)
Will    .....        (no amulet)
Stlth   +            e - +6 ring of strength
HPRegen 0.26/turn    (no ring)
MPRegen 0.10/turn

%: no passive effects
@: beast-form
A: beast (slay +1), high MP 1, forlorn, divine attributes
a: Begin Untransformation


You were on level 4 of the Dungeon.
You were a hulking beast.
You visited 1 branch of the dungeon, and saw 4 of its levels.

You collected 104 gold pieces.

Inventory:

Hand Weapons
 b - a +1 dagger of speed
 q - a +4 dagger of venom (weapon)
Missiles
 g - 4 poisoned darts (quivered)
Armour
 a - a +0 animal skin
 h - a +0 cloak
 l - a +0 ring mail (worn)
Magical Staves
 n - a staff of fire
Jewellery
 e - a +6 ring of strength (left hand)
 o - an amulet of guardian spirit
Talismans
 c - a beast talisman
 d - a flux talisman
Scrolls
 i - a scroll of poison {unknown}
 p - 2 scrolls of identify {unknown}
 s - a scroll of teleportation {unknown}
Potions
 k - a potion of ambrosia {unknown}
 m - a potion of lignification
 r - a potion of heal wounds {unknown}


   Skills:
 + Level 2.2 Fighting
 + Level 1.1 Short Blades
 + Level 2.8 Dodging
 + Level 3.5 Unarmed Combat
 + Level 0.0 Spellcasting
 + Level 0.0 Hexes
 + Level 0.0 Fire Magic
 + Level 3.3 Shapeshifting


You had one spell level left.
You knew the following spells:

 Your Spells              Type           Power      Damage    Failure   Level
a - Inner Flame           Hex/Fire       0%         N/A       80%         3

Your spell library contained the following spells:

 Spells                   Type           Power      Damage    Failure   Level
 Apportation              Tloc           0%         N/A       43%         1
 Necrotise                Necr           0%         1d4       43%         1
 Sting                    Conj/Alch      0%         1d3       43%         1
 Summon Small Mammal      Summ           0%         N/A       43%         1
 Call Imp                 Summ           0%         N/A       56%         2
 Sublimation of Blood     Necr           0%         N/A       56%         2
 Irradiate                Conj/Alch      0%         3d11      100%        5
 Summon Hydra             Summ           0%         N/A       100%        7
 Ignition                 Fire           0%         3d3       100%        8


Dungeon Overview and Level Annotations

Branches:
Dungeon (4/15)
 Temple: D:4-7

Shops:
D:1 =   D:3 (


Innate Abilities, Weirdness & Mutations

You are a hulking beast.
Your limbs bulge with bestial killing power. (Slay +1)
You have an increased reservoir of magic. (+10% MP)
You shall have no god before yourself.
Your divine heritage dramatically boosts your attributes as you level up.


Message History

You puncture the gnoll!
The gnoll is almost dead.
The gnoll hits you from afar with a +0 spear.
The gnoll barely misses you. The gnoll hits you but does no damage.
The gnoll hits you from afar with a +0 spear.
The gnoll attacks as it pursues you!
The gnoll hits you from afar with a +0 spear.
The gnoll misses you.
The gnoll hits you from afar with a +0 spear.
The black bear bites you. The black bear closely misses you.
The black bear claws you but does no damage.
The gnoll hits you but does no damage.
The gnoll hits you from afar with a +0 spear.
* * * LOW HITPOINT WARNING * * *
Okay, then.
The black bear attacks as it pursues you!
The black bear bites you but does no damage.
The black bear claws you.
* * * LOW HITPOINT WARNING * * *
The black bear claws you but does no damage.
The gnoll attacks as it pursues you!
The gnoll hits you from afar with a +0 spear.
* * * LOW HITPOINT WARNING * * *
It was a potion of degeneration.
There was something very wrong with that liquid.
You feel weakened.
You feel dopey.
You feel clumsy. The black bear closely misses you.
The black bear claws you but does no damage. x2
It was a potion of curing.
You feel better. The black bear barely misses you. The black bear claws you.
* * * LOW HITPOINT WARNING * * *
The black bear barely misses you.
The black bear attacks as it pursues you!
The black bear closely misses you. The black bear barely misses you.
The black bear claws you but does no damage.
The black bear attacks as it pursues you!
The black bear bites you!
* * * LOW HITPOINT WARNING * * *
The black bear claws you.
You die...

...#
#.#.#.#)........#
....>
#.#.............#
.....
#...##.#...###..#
......#.#....#.)##
..#
......#.#..#...## .#
.)#..#..#......#
#.[...gg......#
#.#...##gg#...###.#
............hh.....#
#............#.#####
.............#>#
...........#.#.#
...........#...#
..........##.##.
........#..# .
....... ..# .


You could see a black bear and 4 gnolls.

Vanquished Creatures
  Jessica (D:2)
  An iguana (D:3)
  4 gnolls
  2 adders (D:3)
  A worm (D:2)
  2 dart slugs
  2 orcs (D:3)
  5 endoplasms
  A giant cockroach (D:3)
  3 goblins
  3 hobgoblins
  4 jackals (D:3)
  3 kobolds (D:3)
  6 quokkas
  6 ball pythons
  3 bats
  5 frilled lizards
  8 rats
60 creatures vanquished.

Notes
Turn   | Place    | Note
-------+----------+-------------------------------------------
     0 | D:1      | croobank the Demigod Shapeshifter began the quest for the
                  | Orb.
     0 | D:1      | Reached XP level 1. HP: 15/15 MP: 3/3
    30 | D:1      | Reached skill level 1 in Fighting
   401 | D:1      | Found Ajoelala's Jewellery Emporium.
   478 | D:1      | Reached XP level 2. HP: 23/23 MP: 4/4
   994 | D:2      | Noticed Jessica
  1019 | D:2      | Killed Jessica
  1020 | D:2      | Reached XP level 3. HP: 10/29 MP: 5/5
  2174 | D:3      | Reached XP level 4. HP: 36/36 MP: 6/6
  2711 | D:3      | Found Fujaonaekh's Antique Weapon Shoppe.
  2949 | D:3      | Reached skill level 1 in Short Blades
  3455 | D:3      | Upgraded the game from 0.31-a0-1321-g5021b54cb2 to
                  | 0.31-a0-1338-gb567cfdca4
  3487 | D:3      | Reached XP level 5. HP: 41/41 MP: 7/7
  3502 | D:4      | Learned a level 3 spell: Inner Flame
  3531 | D:4      | Noticed a black bear
  3543 | D:4      | HP: 1/41 [black bear (7)]
  3543 | D:4      | Slain by a black bear

Illustrated notes

Levels and vault maps discovered:
D:1:      evilmike_arrival_crescent, layout_loops_ring, serial_shops,
          nicolae_shop_crystal
D:2:      layout_rooms, shapermc_ecumenical_altar_ellora, uniq_jessica
D:3:      layout_loops_ring, serial_shops, shop, minmay_quadrilaterals
D:4:      layout_rooms, kennysheep_little_box, kennysheep_mini, minivault_25

Skill      XL: |  1  2  3  4 |
---------------+-------------+-----
Fighting       | 1 2 |  2.2
Dodging        | 2 |  2.8
Unarmed Combat | 3 |  3.5
Shapeshifting  | 3 |  3.3
Short Blades   | 1 |  1.1

Action                     |  1- 3 |  4- 6 || total
---------------------------+-------+-------++-------
  Melee: Unarmed           |    77 |       ||    77
         Punch             |     2 |     2 ||     4
         Dagger            |    32 |   108 ||   140
    Use: Potion            |     1 |     2 ||     3
   Stab: Sleeping          |     2 |       ||     2
 Armour: Animal skin       |    48 |       ||    48
         Skin              |     1 |       ||     1
         Ring mail         |       |    72 ||    72
  Dodge: Dodged            |    47 |    51 ||    98

Table legend: (Time is in decaauts)
 A = Elapsed time spent in this place.
 B = Non-inter-level travel time spent in this place.
 C = Inter-level travel time spent in this place.
 D = Time resting spent in this place.
 E = Time spent auto-exploring this place.
 F = Levels seen in this place.
 G = Mean time per level.
                   A        B        C        D        E       F      G
               +--------+--------+--------+--------+--------+-----+--------+
         Total |   3504 |   3381 |    123 |   1311 |   1507 |   4 |  876.0 |
       Dungeon |   3504 |   3381 |    123 |   1311 |   1507 |   4 |  876.0 |
               +--------+--------+--------+--------+--------+-----+--------+

Top non-repeatable levels by time:
     D:2: 1614 daAuts
     D:3: 1049 daAuts
     D:1: 782 daAuts
     D:4: 58 daAuts
